 Dungeon Crawl Stone Soup version 0.22-a0-772-gac08f70 (webtiles) character file.

111 sking99 the Cudgeler (level 4, -2/35 HPs)
             Began as a Demonspawn Gladiator on July 17, 2018.
             Was an Initiate of Wu Jian.
             Slain by a gnoll
             ... wielding a +0 spear
              (5 damage)
             ... on level 2 of the Dungeon.
             The game lasted 00:02:58 (1671 turns).

sking99 the Cudgeler (Demonspawn Gladiator)         Turns: 1671, Time: 00:02:59

Health: -2/35      AC:  5    Str: 15    XL:     4   Next: 62%
Magic:  4/4        EV: 12    Int: 10    God:    Wu Jian [......]
Gold:   74         SH:  0    Dex: 14    Spells: 3/3 levels left

rFire    . . .     SeeInvis .   a - +0 flail
rCold    . . .     Gourm    .   (no shield)
rNeg     . . .     Faith    .   b - +0 leather armour
rPois    .         Spirit   .   c - +0 helmet
rElec    .         Reflect  .   (no cloak)
rCorr    .         Harm     .   l - +0 pair of gloves
MR       .....                  (no boots)
Stlth    +.........             (no amulet)
HPRegen  0.11/turn              (no ring)
MPRegen  0.09/turn              (no ring)

@: lethally poisoned (-2 -> -3)
A: talons 1, powered by pain 2
a: Renounce Religion


You were on level 2 of the Dungeon.
You worshipped Wu Jian.
Wu Jian was noncommittal.
You were hungry.

You visited 1 branch of the dungeon, and saw 3 of its levels.

You collected 74 gold pieces.

Inventory:

Hand Weapons
 a - a +0 flail (weapon)
Missiles
 d - 2 throwing nets (quivered)
Armour
 b - a +0 leather armour (worn)
 c - a +0 helmet (worn)
 l - a +0 pair of gloves (worn)
Jewellery
 s - a cursed ring of loudness {unknown}
 t - an uncursed ring of fire {unknown}
Scrolls
 e - 2 scrolls of enchant armour {unknown}
 g - 4 scrolls of identify {unknown}
 i - a scroll of teleportation {unknown}
 j - 2 scrolls of remove curse {unknown}
 n - a scroll of random uselessness {unknown}
 o - a scroll of immolation {unknown}
Potions
 h - a potion of haste {unknown}
 k - 2 potions of brilliance {unknown}
 m - a potion of flight {unknown}
 p - a potion of berserk rage {unknown}
 q - 2 potions of heal wounds {unknown}
 r - a potion of experience {unknown}
 u - a potion of magic {unknown}
Comestibles
 f - 5 rations


   Skills:
 + Level 3.2 Fighting
 * Level 4.3 Maces & Flails
 - Level 1.7 Throwing
 - Level 2.6 Dodging


You had 3 spell levels left.
You didn't know any spells.
Your spell library was empty.

Dungeon Overview and Level Annotations

Branches:
Dungeon (3/15)

Altars:
Wu Jian


Innate Abilities, Weirdness & Mutations

You have sharp toenails.
You sometimes gain power by taking damage.


Message History

* * * LOW HITPOINT WARNING * * *
The gnoll struggles against the net.
You sock the gnoll!
You kill the gnoll!
The Council accepts your kill. The gnoll closely misses you.
The gnoll hits you with a spear.
* * * LOW HITPOINT WARNING * * *
You closely miss the gnoll.
You feel sick. The gnoll hits you but does no damage.
You hit the gnoll but do no damage. You claw the gnoll.
The gnoll is moderately wounded.
The gnoll completely misses you.
You are feeling hungry.
You closely miss the gnoll. Your kick misses the gnoll.
The gnoll is moderately wounded.
The gnoll barely misses you.
You closely miss the gnoll. You claw the gnoll, but do no damage.
The gnoll is moderately wounded.
You feel sick. The gnoll hits you with a spear.
You die...

........#
##.##.##....# #.
........#
#.##.##....# #.
........#
#.##.####### #.
######### #..#.# #.
# #...# ##.#.# #. #
#...#### #...# ## #
#...##.# ##..# #
#...##.####)g# #
#...##...).)@# #
##...##.#######
####.....#.#
.........#.#
.....(...#.#
.........#.#
...........######
....#....###...<####
....##.#.# #.##....#


You could see a gnoll.

Vanquished Creatures
  2 gnolls (D:2)
  4 adders (D:2)
  An ooze (D:1)
  2 worms (D:2)
  4 dart slugs
  2 giant cockroaches
  4 goblins
  5 hobgoblins
  A quokka (D:2)
  6 bats
  4 frilled lizards
  5 kobolds
  4 rats
44 creatures vanquished.

Vanquished Creatures (others)
  5 toadstools (D:1)
5 creatures vanquished.

Grand Total: 49 creatures vanquished

Notes
Turn   | Place    | Note
-------+----------+-------------------------------------------
     0 | D:1      | sking99 the Demonspawn Gladiator began the quest for the Orb.
     0 | D:1      | Reached XP level 1. HP: 16/16 MP: 1/1
   189 | D:1      | Reached skill level 3 in Maces & Flails
   259 | D:1      | Gained mutation: You have sharp toenails. [demonic ancestry]
   259 | D:1      | Reached XP level 2. HP: 19/22 MP: 2/2
   793 | D:2      | Gained mutation: You sometimes gain a little power by taking damage. [demonic ancestry]
   793 | D:2      | Reached XP level 3. HP: 28/28 MP: 3/3
   798 | D:2      | Found an ornate altar of the Wu Jian Council.
  1020 | D:2      | Reached skill level 4 in Maces & Flails
  1102 | D:2      | Gained mutation: You sometimes gain power by taking damage. [demonic ancestry]
  1102 | D:2      | Reached XP level 4. HP: 34/34 MP: 4/4
  1496 | D:2      | Became a worshipper of the Wu Jian Council
  1671 | D:2      | Slain by a gnoll

Vault maps used:
D:1:      ldierk_walled_garden
D:2:      lemuel_crystal_altar
D:3:      makhleb_altar_promises_db

Skill      XL: |  1  2  3  4 |
---------------+-------------+-----
Maces & Flails | 3 4 |  4.3
Fighting       | 3 |  3.2
Throwing       | |  1.7
Dodging        | |  2.6

Action                   |  1- 3 |  4- 6 || total
-------------------------+-------+-------++-------
Melee: Flail             |    75 |    34 ||   109
       Kick              |    13 |    10 ||    23
Throw: Throwing net      |     1 |     1 ||     2
  Eat: Chunk             |     1 |     1 ||     2
Armor: Leather armour    |    17 |    13 ||    30
Dodge: Dodged            |    49 |    33 ||    82

Table legend:
 A = Spawn XP
 B = Non-spawn XP
 C = Spawn XP percentage of total XP
 D = Spawn monster count
 E = Non-spawn monster count
 F = Spawn count percentage of total count
 G = Total turns spent on level
                    A         B        C        D         E        F      G
               +---------+---------+-------+---------+---------+-------+---------
         Total |       0 |     159 |   0.0 |       0 |      44 |   0.0 |  1671
               +---------+---------+-------+---------+---------+-------+---------
           D:1 |       0 |      37 |   0.0 |       0 |      19 |   0.0 |   788
           D:2 |       0 |     117 |   0.0 |       0 |      22 |   0.0 |   864
           D:3 |       0 |       5 |   0.0 |       0 |       3 |   0.0 |    19
               +---------+---------+-------+---------+---------+-------+---------
